cohdb
Replays
Latest Replays
All Replays
Popular Replays
Top Player Replays
Match Explorer
How It Works
Community
CoH3 Stats
Reddit
Sign in to upload your games and track your stats! →
Sign in with Steam
Match 41823777
Unlisted
Match 41823777
Overview
Messages
Build Orders
End
Construct Infanterie Kompanie
Grenadier Squad
GrW 34 Mortar Team
MG 42 Machine Gun Team
Grenadier Squad
Grenadier Squad
Construct Luftwaffe Kompanie
Support Elements
Wirbelwind Flakpanzer
Jäger Squad
Valdai
Sailor
Trump Blesses America
Starbuckshunter
Farsurem
xtz
inc.
ckdgus813
0
0
Comments
sign in to comment!
No comments posted yet!